 Dungeon Crawl Stone Soup version 0.16.2-12-gd0ad4c3 (webtiles) character file.

136 faibistes the Magician (level 4, -2/24 HPs)
             Began as a Deep Elf Wizard on Feb 10, 2018.
             Slain by an orc wizard
             ... wielding a +0 dagger
              (6 damage)
             ... on level 3 of the Dungeon.
             The game lasted 00:06:48 (2730 turns).

faibistes the Magician (Deep Elf Wizard)            Turns: 2730, Time: 00:06:48

Health: -2/24      AC:  3    Str:  4    XL:     4   Next: 98%
Magic:  2/18       EV: 13    Int: 24    God:
Gold:   104        SH:  0    Dex: 13    Spells: 6 memorised, 2 levels left

rFire  . . .     SeeInvis .     p - +2 short sword (holy)
rCold  . . .     Clarity  .     a - +0 robe
rNeg   . . .     SustAb   .     (no shield)
rPois  .         Gourm    .     b - +0 hat
rElec  .         Spirit   .     r - +0 cloak
rCorr  .         Warding  .     (no gloves)
rMut   .         Stasis   .     (no boots)
MR     .....                    (no amulet)
Stlth  ++........               (no ring)
                                (no ring)

@: slowed, repel missiles, very slow, not resistant to hostile enchantments,
unstealthy
A: no striking features
a: no special abilities


You were on level 3 of the Dungeon.
You were not hungry.

You visited 1 branch of the dungeon, and saw 4 of its levels.

You collected 104 gold pieces.

Inventory:

Hand weapons
 m - a +0 club
 p - a +2 short sword of holy wrath (weapon)
Armour
 a - a +0 robe (worn)
 b - a +0 hat (worn)
 r - a +0 cloak (worn)
Scrolls
 e - a scroll of enchant weapon {unknown}
 g - a scroll of identify
 j - a scroll of random uselessness {unknown}
 t - a scroll of remove curse {unknown}
 u - a scroll of teleportation {unknown}
Potions
 h - a potion of heal wounds {unknown}
 i - 2 potions of restore abilities
 l - a potion of agility {unknown}
 n - a potion of curing
 o - a potion of invisibility {unknown}
 q - a potion of resistance
 s - a potion of haste {unknown}
 v - a potion of might {unknown}
 x - a potion of flight {unknown}
Books
 c - a book of Minor Magic

   Spells                             Type                      Level
   a - Magic Dart                     Conjuration                  1
   b - Blink                          Translocation                2
   c - Call Imp                       Summoning                    2
   d - Repel Missiles                 Charms/Air                   2
   e - Slow                           Hexes                        2
   f - Conjure Flame                  Conjuration/Fire             3
   g - Mephitic Cloud                 Conjuration/Poison/Air       3
Comestibles
 d - 2 bread rations
 f - a slice of pizza
 k - 2 meat rations
 w - a chunk of flesh


   Skills:
 + Level 3.8 Dodging
 - Level 2.4 Stealth
 * Level 6.0 Spellcasting
 * Level 3.0 Conjurations
 - Level 1.1 Summonings
 - Level 1.1 Translocations


You had 2 spell levels left.
You knew the following spells:

 Your Spells              Type           Power        Failure   Level  Hunger
a - Magic Dart            Conj           ###.         1%          1    None
b - Conjure Flame         Conj/Fire      ##......     14%         3    #......
c - Call Imp              Summ           ##......     10%         2    None
d - Blink                 Tloc           N/A          10%         2    None
e - Mephitic Cloud        Conj/Pois/Air  ##......     17%         3    #......
f - Repel Missiles        Chrm/Air       #.....       12%         2    None


Dungeon Overview and Level Annotations

Branches:
Dungeon (4/15)
 Temple: D:4-7

Altars:
Okawaru
Yredelemnul


Message History

Identify which item? (\ to view known items) (? for menu, Esc to quit)
i - 2 potions of restore abilities The orc wizard hits you with a dagger.
The orc wizard gestures at you while chanting.
You feel as though you will be slow longer.
The orc wizard gestures at you while chanting.
You feel as though you will be slow longer.
The orc wizard casts a spell at you. The magic dart hits you!
* * * LOW HITPOINT WARNING * * *
Something unseen opens the door.
Your magical contamination has completely faded away.
The orc barely misses you.
The orc wizard mumbles some strange words.
The orc wizard blinks!
The orc wizard mumbles some strange words.
The orc wizard seems to speed up.
The orc completely misses you. The orc wizard hits you with a dagger.
You die...

##...........#
###............#
#..............####
#.#...............#
#............##.##
#......o.........# # ###
#.#######'#.###..# #
......#.#######.#.###..####
.........oo@...........K§§..
...................o..§..##
...##...........#_....§o§†§
.. #.########### ######o.#
#. ##.# #. #.. #. ##. . .


You could see an orc wizard and an orc.

Vanquished Creatures
  Crazy Yiuf (D:2)
  Ijyb (D:2)
  Terence (D:2)
  An adder (D:2)
  2 worms (D:2)
  5 giant geckos
  An ooze (D:2)
  4 ball pythons
  8 goblins
  4 hobgoblins
  3 quokkas
  4 bats
  3 giant newts
  9 kobolds
  6 rats
53 creatures vanquished.

Vanquished Creatures (others)
  A fungus (D:2)
1 creature vanquished.

Grand Total: 54 creatures vanquished

Notes
Turn   | Place    | Note
--------------------------------------------------------------
     0 | D:1      | faibistes, the Deep Elf Wizard, began the quest for the Orb.
     0 | D:1      | Reached XP level 1. HP: 10/10 MP: 6/6
   225 | D:1      | Reached XP level 2. HP: 15/15 MP: 7/10
   253 | D:1      | Learned a level 2 spell: Blink
   256 | D:1      | Learned a level 2 spell: Call Imp
   417 | D:1      | Reached skill level 5 in Spellcasting
   657 | D:1      | Found an iron altar of Okawaru.
   999 | D:2      | Reached XP level 3. HP: 19/19 MP: 7/14
  1015 | D:2      | Learned a level 3 spell: Conjure Flame
  1019 | D:2      | Learned a level 3 spell: Mephitic Cloud
  1150 | D:2      | Noticed Ijyb
  1273 | D:2      | Killed Ijyb
  1422 | D:2      | Learned a level 2 spell: Repel Missiles
  1728 | D:2      | Reached XP level 4. HP: 24/24 MP: 8/17
  2080 | D:2      | Noticed Terence
  2094 | D:2      | Noticed Crazy Yiuf
  2384 | D:2      | Killed Crazy Yiuf
  2470 | D:2      | Killed Terence
  2470 | D:2      | Reached skill level 6 in Spellcasting
  2681 | D:3      | Found a basalt altar of Yredelemnul.
  2730 | D:3      | Slain by an orc wizard

Action                   |  1- 3 |  4- 6 || total
-------------------------+-------+-------++-------
Melee: Short sword       |       |    11 ||    11
 Cast: Magic Dart        |    92 |    39 ||   131
       Mephitic Cloud    |     2 |     8 ||    10
       Conjure Flame     |     1 |     4 ||     5
       Repel Missiles    |     1 |       ||     1
       Blink             |       |     5 ||     5
  Use: Scroll            |       |     1 ||     1
  Eat: Chunk             |     2 |     4 ||     6
